Map: Kairos Junction LE

Players

Zanarcane - Winner!

  • Race: Protoss Protoss
  • League: Silver
  • Spawn Location: 5:00

A.I. 1 (Very Hard)

  • Race: Protoss Protoss
  • Spawn Location: 11:00

VOD

Have the link to the VOD?

Description

Time

  • Played on: May 12, 2019, 4:35 p.m.
  • Length: 21:59
Show
View Real Time Build Order
Export as new Build Order

Zanarcane Protoss - Winner!

Build Orders: Archon Immortal 

Get SALT Encoding   

  12  0:01  Probe  
  13  0:13  Probe  
  14  0:19  Pylon  
  14  0:25  Probe  
  15  0:37  Probe  
  15  0:38  Gateway  
  16  0:45  Assimilator, Probe  
  17  0:53  Probe  
  17  1:03  Probe  
  19  1:15  Probe  
  20  1:19  Pylon  
  20  1:27  Probe  
  20  1:28  Cybernetics Core  
  21  1:35  Assimilator  
  21  1:46  Probe  
  22  1:58  Probe  
  22  2:00  Warp Gate  
  23  2:08  Nexus  
  23  2:10  Probe  
  23  2:15  Adept  
  24  2:22  Probe  
  27  2:34  Probe  
  28  2:38  Pylon  
  28  2:46  Robotics Facility, Probe  
  29  2:53  Adept  
  31  3:04  Probe  
  32  3:14  Twilight Council  
  32  3:16  Probe  
  32  3:18  Adept  
  32  3:19  Pylon  
  33  3:20  Probe  
  36  3:28  Probe  
  36  3:34  Probe  
  38  3:36  Observer  
  38  3:41  Probe  
  38  3:46  Probe  
  41  3:53  Probe, Resonating Glaives  
  42  3:58  Probe  
  42  4:00  Adept  
  45  4:06  Probe  
  46  4:10  Probe  
  46  4:14  Gateway  
  46  4:17  Gateway x2  
  47  4:18  Probe  
  47  4:21  Observer  
  47  4:22  Probe  
  50  4:28  Adept  
  50  4:30  Probe  
  53  4:32  Assimilator  
  53  4:34  Assimilator, Probe  
  54  4:42  Probe  
  54  4:44  Templar Archives  
  55  4:46  Probe  
  55  4:50  Pylon  
  56  4:54  Pylon  
  56  5:02  Probe  
  56  5:03  Probe  
  56  5:05  Adept  
  60  5:13  Forge  
  60  5:15  Forge, Probe x2  
  62  5:27  Probe x2  
  64  5:34  Immortal, Nexus  
  68  5:40  Charge  
  68  5:50  Probe  
  68  5:51  Probe  
  68  5:53  Adept  
  68  5:54  Adept  
  68  5:55  Adept x2  
  78  6:02  Pylon  
  78  6:08  Pylon  
  78  6:10  Pylon  
  78  6:13  Immortal  
  78  6:20  Probe x2  
  78  6:23  Adept  
  86  6:31  Pylon  
  86  6:32  Probe x2  
  88  6:36  Pylon  
  88  6:40  Stalker  
  88  6:42  Stalker  
  88  6:43  Pylon  
  88  6:44  Probe x2  
  94  6:54  Probe  
  95  6:56  Probe x2  
  97  7:02  Stalker x2  
  97  7:06  Probe  
  97  7:07  Immortal  
  106  7:08  Probe x2  
  108  7:25  Protoss Ground Weapons Level 1  
  108  7:27  Protoss Ground Armor Level 1  
  108  7:30  Pylon, Probe x3  
  108  7:32  Stalker  
  108  7:33  Stalker x2  
  108  7:34  Pylon, Stalker  
  119  7:48  Gateway  
  119  7:50  Gateway x2  
  119  7:51  Probe x2  
  119  7:52  Probe  
  119  7:53  Gateway  
  119  7:55  Immortal  
  126  8:03  Assimilator x2  
  126  8:10  Stalker x2  
  126  8:11  Stalker x2  
  133  8:34  Immortal  
  137  8:45  Robotics Bay, Robotics Facility  
  140  8:51  High Templar  
  140  8:52  High Templar x2  
  140  8:53  High Templar x2  
  140  8:54  High Templar  
  149  8:59  Archon  
  149  9:00  Archon  
  149  9:01  Archon  
  149  9:03  Zealot  
  149  9:04  Zealot  
  153  9:13  Warp Prism  
  155  9:17  Probe x2  
  155  9:21  Pylon  
  155  9:22  Pylon  
  155  9:23  Pylon  
  155  9:24  Nexus  
  157  9:38  Pylon  
  157  9:39  Probe  
  157  9:40  Pylon  
  157  9:44  High Templar, Assimilator  
  157  9:45  High Templar x3  
  164  9:47  Stalker  
  164  9:48  Stalker x2  
  164  9:49  Stalker  
  164  9:52  Archon x2  
  174  10:03  Extended Thermal Lance  
  174  10:24  Protoss Ground Weapons Level 2  
  174  10:33  Protoss Ground Armor Level 2  
  174  10:41  Stalker  
  176  10:46  Stalker x2  
  176  10:47  Stalker x2  
  176  10:48  Stalker x3  
  190  10:51  Colossus  
  190  10:55  Immortal  
  178  11:32  Adept  
  178  11:33  Adept, High Templar  
  178  11:34  High Templar x3  
  150  11:49  Adept x2  
  130  11:58  High Templar x2  
  116  12:04  Archon  
  106  12:20  Adept x2  
  106  12:23  High Templar  
  106  12:24  High Templar  
  106  12:25  Zealot x2  
  106  12:28  Archon  
  114  12:31  Immortal x2  
  114  12:35  Zealot x2  
  126  12:42  Sentry  
  126  12:44  Zealot  
  122  13:10  Colossus  
  108  13:35  Warp Prism  
  104  14:04  Observer  
  104  14:06  Nexus  
  105  14:10  Adept, Zealot  
  105  14:11  Zealot x2  
  105  14:12  High Templar, Observer  
  105  14:13  High Templar x2  
  105  14:14  High Templar  
  122  14:23  Protoss Ground Weapons Level 3  
  122  14:25  Observer  
  122  14:28  Protoss Ground Armor Level 3  
  123  14:33  Observer  
  123  14:38  Stalker x2  
  126  14:39  Stalker x2  
  132  14:57  Shield Battery  
  132  14:58  Shield Battery  
  132  15:03  High Templar x3  
  132  15:04  High Templar  
  140  15:19  Stalker  
  140  15:20  Stalker x3  
  117  15:44  Zealot  
  117  15:45  Zealot  
  117  15:46  Zealot  
  117  15:47  Zealot x2  
  117  15:49  High Templar, Zealot  
  116  15:50  High Templar  
  116  16:07  Assimilator  
  115  16:16  Archon  
  115  16:19  Archon x3  
  95  16:56  Zealot x3  
  95  16:57  Zealot  
  95  16:58  Adept x2  
  95  16:59  Adept x2  
  111  17:01  Immortal x2  
  119  17:19  Probe x3  
  122  17:24  Assimilator  
  122  17:25  Assimilator  
  122  17:28  Pylon  
  122  17:40  Colossus x2  
  115  18:34  Immortal x2  
  123  18:46  Observer  
  123  19:13  Warp Prism x2  
  127  19:57  Protoss Shields Level 1  
  127  19:58  Gravitic Boosters  
  127  20:34  Stalker x2  
  127  20:35  Stalker x3  
  135  20:36  Stalker  
  135  20:37  Stalker x2  
  143  20:55  Gravitic Drive  
Show
View Real Time Build Order
Export as new Build Order

A.I. 1 (Very Hard) Protoss 

Build Orders: Zealot Archon, Dark Templar Rush 

Get SALT Encoding   

  12  0:00  Probe  
  13  0:13  Probe  
  14  0:20  Pylon  
  14  0:25  Probe  
  15  0:34  Probe  
  15  0:42  Probe  
  16  0:47  Assimilator  
  17  0:51  Gateway  
  17  0:52  Probe  
  18  1:00  Probe  
  18  1:01  Pylon  
  19  1:08  Probe  
  20  1:18  Probe  
  21  1:33  Assimilator  
  21  1:36  Probe  
  21  1:37  Zealot  
  24  1:41  Cybernetics Core  
  24  1:48  Probe  
  25  1:56  Zealot  
  25  2:00  Probe  
  28  2:12  Probe  
  29  2:16  Pylon  
  29  2:17  Warp Gate  
  29  2:21  Stalker  
  29  2:22  Twilight Council  
  31  2:35  Gateway  
  31  2:45  Probe  
  31  2:57  Probe  
  32  3:01  Dark Shrine  
  32  3:03  Gateway  
  32  3:06  Probe  
  33  3:14  Probe  
  33  3:15  Pylon  
  34  3:20  Zealot  
  34  3:24  Probe  
  34  3:26  Zealot  
  39  3:34  Pylon  
  39  3:56  Probe  
  40  4:05  Adept  
  40  4:07  Adept  
  44  4:14  Dark Templar  
  46  4:19  Gateway  
  46  4:21  Adept  
  48  4:27  Adept  
  50  4:35  Dark Templar  
  52  4:47  Dark Templar  
  54  5:34  Pylon  
  54  5:45  Archon  
  54  5:48  Robotics Facility  
  54  5:52  Sentry, Stalker x2, Dark Templar  
  54  5:53  Nexus  
  62  5:58  Archon, Pylon  
  62  6:16  Dark Templar x2  
  66  6:19  Pylon  
  66  6:23  Archon  
  66  6:38  Dark Templar  
  68  7:01  Dark Templar  
  68  7:05  Archon, Probe x2  
  72  7:11  Assimilator  
  72  7:13  Assimilator  
  72  7:17  Probe  
  72  7:18  Probe  
  74  7:25  Dark Templar  
  74  7:29  Probe  
  77  7:30  Probe  
  78  7:41  Probe  
  78  7:42  Probe  
  78  7:43  Dark Templar  
  82  7:47  Stalker  
  82  7:48  Forge  
  82  7:50  Pylon  
  84  7:52  Archon  
  84  7:53  Probe  
  84  7:54  Observer, Probe  
  87  7:58  Stalker  
  87  8:03  Stalker  
  87  8:05  Probe  
  92  8:06  Probe  
  92  8:10  Stalker  
  92  8:11  Pylon  
  95  8:14  Stalker  
  95  8:17  Probe  
  95  8:18  Probe  
  99  8:22  Sentry  
  101  8:29  Stalker, Probe  
  101  8:33  Pylon, Stalker  
  106  8:36  Stalker  
  108  8:45  Immortal, Stalker  
  110  8:54  Pylon  
  114  8:59  Nexus  
  114  9:12  Sentry  
  116  9:18  Pylon  
  116  9:20  Immortal  
  116  9:22  Protoss Ground Weapons Level 1  
  120  9:32  Forge  
  120  9:34  Photon Cannon  
  120  9:39  Pylon  
  120  9:41  Pylon  
  120  9:51  Immortal  
  120  9:55  Stalker  
  126  10:02  Photon Cannon  
  126  10:09  Protoss Ground Armor Level 1  
  126  10:12  Probe  
  126  10:13  Probe x2  
  129  10:24  Probe  
  129  10:25  Pylon, Probe x2  
  132  10:33  Probe  
  132  10:36  Immortal, Probe  
  132  10:38  Probe  
  132  10:41  Probe  
  139  10:49  Photon Cannon, Probe  
  141  10:50  Probe  
  141  10:53  Probe  
  141  10:54  Pylon  
  141  10:56  Blink  
  143  10:58  Stalker  
  143  10:59  Sentry  
  143  11:00  Sentry  
  143  11:01  Probe  
  149  11:05  Probe  
  149  11:06  Probe  
  151  11:13  Probe  
  151  11:15  Immortal  
  151  11:16  Zealot  
  151  11:17  Probe  
  159  11:21  Zealot  
  159  11:24  Dark Templar  
  146  11:29  Dark Templar  
  112  11:47  Adept  
  112  11:51  Zealot  
  112  11:54  Sentry  
  96  11:56  Zealot  
  96  12:01  Archon  
  86  12:07  Dark Templar  
  80  12:11  Adept  
  80  12:14  Probe  
  81  12:16  Stalker, Dark Templar  
  81  12:20  Probe  
  86  12:26  Probe  
  87  12:31  Zealot  
  87  12:32  Probe  
  87  12:33  Nexus  
  87  12:34  Archon  
  90  12:39  Dark Templar  
  90  12:40  Stalker  
  80  12:49  Stalker, Observer  
  76  12:51  Dark Templar  
  76  12:56  Adept  
  67  13:07  Probe  
  67  13:10  Probe  
  67  13:11  Adept  
  67  13:12  Zealot  
  68  13:13  Zealot  
  68  13:19  Probe  
  65  13:23  Probe  
  65  13:24  Stalker  
  68  13:31  Stalker, Probe  
  68  13:32  Zealot  
  68  13:33  Adept  
  75  13:36  Probe  
  75  13:40  Stalker  
  78  13:44  Probe  
  78  13:48  Archon, Probe  
  80  13:50  Sentry  
  80  13:52  Sentry  
  80  13:54  Dark Templar  
  86  14:00  Stalker  
  88  14:05  Stalker  
  90  14:11  Immortal  
  90  14:15  Dark Templar  
  96  14:23  Sentry  
  96  14:24  Archon  
  98  14:26  Stalker  
  98  14:28  Adept  
  98  14:29  Assimilator  
  102  14:35  Assimilator  
  102  14:40  Dark Templar  
  102  14:41  Immortal  
  104  14:46  Photon Cannon  
  104  14:47  Dark Templar  
  104  14:49  Stalker x2  
  114  14:56  Archon  
  114  15:08  Dark Templar  
  114  15:09  Dark Templar  
  114  15:12  Stalker  
  120  15:14  Stalker  
  120  15:18  Archon  
  120  15:19  Nexus  
  122  15:35  Dark Templar  
  124  15:37  Stalker  
  124  15:40  Zealot  
  124  15:41  Dark Templar  
  92  15:54  Archon  
  80  15:57  Adept, Dark Templar  
  80  15:58  Zealot  
  86  16:11  Stalker  
  88  16:13  Zealot  
  88  16:18  Zealot  
  92  16:22  Adept  
  79  16:33  Sentry  
  79  16:34  Zealot  
  79  16:36  Zealot  
  66  16:42  Dark Templar  
  62  16:49  Stalker, Dark Templar  
  62  16:52  Zealot  
  52  16:54  Dark Templar  
  53  17:07  Probe  
  54  17:10  Archon  
  54  17:11  Adept  
  54  17:13  Zealot  
  57  17:16  Zealot  
  57  17:18  Dark Templar  
  57  17:19  Probe  
  62  17:29  Probe  
  63  17:31  Stalker  
  33  17:47  Dark Templar  
  17  18:11  Nexus, Dark Templar  
  14  18:26  Probe  
  3  18:38  Probe  
Tags
 
Add a new tag
Caveats
  • Supply blocks, unpowered buildings, or Contaminate may cause inaccurate times.
  • Supply counts are checked every 10 seconds.